 Dungeon Crawl Stone Soup version 0.23.1 (webtiles) character file.

Game seed: 0

38005 MisterOstroum the Unseen (level 13, -1/68 HPs)
             Began as a Spriggan Enchanter on Mar 16, 2019.
             Was a Priest of Dithmenos.
             Splashed by an acid blob's acid (12 damage)
             ... on level 5 of the Lair of Beasts on Mar 18, 2019.
             The game lasted 03:13:26 (18982 turns).

MisterOstroum the Unseen (Spriggan Enchanter)      Turns: 18982, Time: 03:13:27

Health: -1/68      AC: -16   Str:  5    XL:     13   Next: 61%
Magic:  0/34       EV: 30    Int: 22    God:    Dithmenos [***...]
Gold:   1038       SH: 11    Dex: 18    Spells: 7/27 levels left

rFire    + . .     SeeInvis +   s - +8 dagger
rCold    + . .     Gourm    .   G - +3 buckler
rNeg     + . .     Faith    .   O - +2 robe {MR+}
rPois    .         Spirit   +   (helmet restricted)
rElec    .         Reflect  .   (no cloak)
rCorr    .         Harm     .   (gloves unavailable)
MR       +++..                  (boots unavailable)
Stlth    +++++++++.             L - amulet of Reimbursement {Spirit *Drain rF+ rC+ rN+ Int+3}
HPRegen  0.21/turn              B - ring of stealth
MPRegen  0.24/turn              w - ring of magical power

@: corroded, wreathed by umbra, very quick
A: very small, unfitting armour, see invisible, herbivore, speed 3, slow
metabolism 2
a: Shadow Step, Renounce Religion


You were on level 5 of the Lair of Beasts.
You worshipped Dithmenos.
Dithmenos was most pleased with you.
You were not hungry.

You visited 2 branches of the dungeon, and saw 17 of its levels.
You visited the Abyss 1 time.
You also visited: Volcano.

You collected 1173 gold pieces.
You spent 135 gold pieces at shops.

Inventory:

Hand Weapons
 s - a +8 dagger (weapon)
 z - the +8 falchion of Fundamental Breach {distort, rC- MR+++ Str+4 Int+2}
   (You found it on level 2 of the Lair of Beasts)

   It warps and distorts space around it.
   Unwielding it can cause banishment or high damage.
   It affects your strength (+4).
   It affects your intelligence (+2).
   It makes you vulnerable to cold.
   It affects your resistance to hostile enchantments.
Missiles
 i - 377 stones
 I - 10 tomahawks (quivered)
Armour
 G - a +3 buckler (worn)
 O - a +2 robe of magic resistance (worn)
Jewellery
 e - a +6 ring of protection
 j - an uncursed ring of protection from cold
 w - a ring of magical power (right hand)
 x - the amulet "Qoafeic" {Spirit rPois rF- rN++ Int+4}
   (You bought it in a shop on level 4 of the Dungeon)

   [amulet of guardian spirit]

   It causes incoming damage to be split between your health and magic.
   It affects your intelligence (+4).
   It makes you vulnerable to fire.
   It protects you from poison.
   It greatly protects you from negative energy.
 y - an uncursed ring of wizardry
 B - a ring of stealth (left hand)
 C - a +5 ring of strength
 L - the amulet of Reimbursement (around neck) {Spirit *Drain rF+ rC+ rN+ Int+3}
   (You found it on level 8 of the Dungeon)

   [amulet of guardian spirit]

   It causes incoming damage to be split between your health and magic.
   It affects your intelligence (+3).
   It protects you from fire.
   It protects you from cold.
   It protects you from negative energy.
   It causes draining when unequipped.
 T - an uncursed ring of protection from fire
Wands
 g - a wand of iceblast (3)
 k - a wand of paralysis (22)
 E - a wand of flame (82)
 N - a wand of acid (27)
 V - a wand of polymorph (16)
Scrolls
 c - 3 scrolls of teleportation
 h - a scroll of amnesia
 l - 4 scrolls of magic mapping
 p - 4 scrolls of fog
 A - 2 scrolls of fear
 D - a scroll of holy word
 H - 8 scrolls of remove curse
 M - a scroll of torment
Potions
 a - 2 potions of curing
 b - 2 potions of berserk rage {unknown}
 m - 4 potions of lignification
 n - a potion of heal wounds
 q - 3 potions of haste
 r - a potion of brilliance
 F - a potion of mutation {unknown}
 Q - 2 potions of might {unknown}
 W - a potion of magic {unknown}
 Y - 3 potions of agility
 Z - a potion of ambrosia {unknown}
Miscellaneous
 K - a lamp of fire (inert)
 U - a phantom mirror
Comestibles
 d - 15 rations


   Skills:
 + Level 8.1 Fighting
 - Level 10.0 Short Blades
 * Level 13.8 Dodging
 - Level 15.0 Stealth
 - Level 7.2 Shields
 + Level 7.9 Spellcasting
 + Level 7.5 Hexes
 - Level 5.1 Translocations
 - Level 5.0 Ice Magic


You had 7 spell levels left.
You knew the following spells:

 Your Spells              Type           Power        Failure   Level  Hunger
a - Ensorcelled Hibernat  Hex/Ice        #####.       1%          2    None
b - Confuse               Hex            #####...     1%          3    None
c - Slow                  Hex            #####...     1%          2    None
d - Tukima's Dance        Hex            #####...     1%          3    None
e - Magic Dart            Conj           #...         8%          1    None
f - Corona                Hex            #####..      1%          1    None
g - Blink                 Tloc           N/A          1%          2    None
h - Invisibility          Hex            #####...     47%         6    ######.

Your spell library contained the following spells:

 Spells                   Type           Power        Failure   Level  Hunger
 Dazzling Spray           Conj/Hex       ####..       4%          3    None
 Spectral Weapon          Hex/Chrm       ####....     4%          3    None
 Sandblast                Erth           #.....       8%          1    None
 Summon Butterflies       Summ           #.......     8%          1    None
 Summon Small Mammal      Summ           #...         8%          1    None
 Recall                   Summ/Tloc      N/A          8%          3    None
 Call Imp                 Summ           #.......     12%         2    None
 Passwall                 Tmut/Erth      #.......     12%         2    None
 Fulminant Prism          Conj/Hex       ####......   16%         4    ###....
 Call Canine Familiar     Summ           #.......     22%         3    None
 Conjure Flame            Conj/Fire      #.......     22%         3    None
 Mephitic Cloud           Conj/Pois/Air  #.......     22%         3    None
 Stone Arrow              Conj/Erth      #.....       22%         3    None
 Summon Ice Beast         Ice/Summ       ###.....     26%         4    ###....
 Summon Mana Viper        Hex/Summ       ####....     41%         5    #####..
 Petrify                  Tmut/Erth      #.......     58%         4    ###....
 Lee's Rapid Deconstruct  Erth           #.........   91%         5    #####..
 Summon Hydra             Summ           #.........   100%        7    #######


Dungeon Overview and Level Annotations

Branches:
Dungeon (11/15)              Lair (6/6) D:8          Shoals (0/4) Lair:3
 Spider (0/4) Lair:2        Slime (0/5) Lair:5          Orc (0/2) D:9
 Temple: D:4-7

Altars:
Cheibriados
Dithmenos
Gozag
Hepliaklqana
Qazlal
Uskayaw
Vehumet
Wu Jian
Xom
Jiyva

Shops:
D:4 *   D:7 :

Annotations:
D:4 3 runed translucent doors, Acheron's ghost, amateur MiGl; Singularity42's ghost, novice OpTm; Veteran's ghost, amateur GrFi; eisn's ghost, amateur HOFi; rumpelstilzz's ghost, novice CeFi
D:8 3 runed translucent doors, DildoBatman's ghost, amateur FoWz
D:9 ORC


Innate Abilities, Weirdness & Mutations

You are very small and have problems with some larger weapons.
You are too small for most types of armour.
You have supernaturally acute eyesight. (SInv)
You are a herbivore.
You cover ground extremely quickly.
You need to consume almost no food.


Message History

* * * LOW HITPOINT WARNING * * *
You feel much better. The acid blob spits acid at you.
The splash of acid hits you!
You are splashed with acid!
You feel better.
A komodo dragon comes into view.
The acid blob spits acid at you. The splash of acid hits you!
* * * LOW HITPOINT WARNING * * *
The acid corrodes you!
You are splashed with acid!
* * * LOW HITPOINT WARNING * * *
The acid blob spits acid at you. The splash of acid misses you.
The komodo dragon hisses angrily.
You feel much better. The acid blob spits acid at you.
The splash of acid hits you!
* * * LOW HITPOINT WARNING * * *
The acid corrodes you!
You are splashed with acid!
You die...

###.#### ##.##..P## #....PP..#
### ####.....# #.## #.....# #
#. ##..# ##....## # ...
####...####....#.# ##...
#P#.....#......### . .....
#........@.....### ... ....#
#P......†...J....##..... .#
..####......................
#####.##...........J...........
#.⌠..#............J.........##.
..............l...........#.#
⌠.<.⌠#........#####.......# #
.....#........#...#.......#
#...#.........#>._J.........


You could see 2 acid blobs, a slime creature (confused) and a komodo dragon.

Vanquished Creatures
  A tentacled starspawn (Abyss:4)
  4 hydras
  A catoblepas (Lair:4)
  2 two-headed ogres
  Erica (D:9)
  Pikel (D:8)
  The ghost of ciphuk the Firebug, a novice HOFE (D:6)
  4 elephants (Lair:5)
  A black mamba (Lair:4)
  A merfolk siren (Lair:3)
  4 spiny frogs
  2 gargoyles
  4 rime drakes
  An efreet (Volcano)
  2 komodo dragons
  A merfolk (Lair:3)
  A troll (D:9)
  Prince Ribbit (D:5)
  17 blink frogs
  9 hippogriffs
  A shadow (D:11)
  A spriggan (D:7)
  Sigmund (D:3)
  A wyvern (D:9)
  42 yaks
  3 fire bats (Volcano)
  3 basilisks
  2 fire elementals (Volcano)
  A neqoxec (Abyss:4)
  2 steam dragons
  A hungry ghost (D:10)
  3 vampire mosquitoes (Lair:2)
  3 insubstantial wisps (Lair:2)
  5 water moccasins
  Duvessa (D:6)
  8 porcupines
  11 orc warriors
  2 black bears
  A necrophage (D:11)
  7 ice beasts
  4 slaves (D:8)
  2 sky beasts (D:10)
  2 ogres
  2 eyes of draining
  10 wolves
  11 centaurs
  7 crocodiles
  A big kobold (D:9)
  An earth elemental (Volcano)
  2 gnoll sergeants
  Blork the orc (D:4)
  14 bullfrogs
  A water moccasin zombie (D:8)
  8 scorpions
  Dowan (D:6)
  8 killer bees
  3 electric eels
  8 wights
  3 crimson imps
  7 howler monkeys
  A lava snake (Volcano)
  5 hounds
  2 jellies
  7 orc priests
  A gnoll shaman (D:8)
  A bullfrog skeleton (D:4)
  13 orc wizards
  5 worker ants
  A killer bee zombie (D:10)
  A hound skeleton (D:7)
  A worker ant zombie (D:7)
  A howler monkey zombie (D:5)
  9 adders
  13 gnolls
  A shadow imp (D:7)
  4 oozes
  An adder zombie (D:8)
  4 worms
  6 leopard geckos
  38 orcs
  5 bats
  2 giant cockroaches
  6 hobgoblins
  7 jackals
  9 kobolds
  3 quokkas
  2 ball pythons (D:2)
  2 frilled lizards
  6 goblins
  A jackal skeleton (D:4)
  A quokka zombie (D:9)
  3 rats
416 creatures vanquished.

Vanquished Creatures (collateral kills)
  2 gnolls (D:7)
2 creatures vanquished.

Vanquished Creatures (others)
  6 dancing weapons
  A vampire mosquito (Lair:2)
  3 fungi
  4 starspawn tentacles (Abyss:4)
14 creatures vanquished.

Grand Total: 432 creatures vanquished

Notes
Turn   | Place    | Note
-------+----------+-------------------------------------------
     0 | D:1      | MisterOstroum the Spriggan Enchanter began the quest for
                  | the Orb.
     0 | D:1      | Reached XP level 1. HP: 9/9 MP: 5/5
   229 | D:1      | Reached XP level 2. HP: 13/13 MP: 6/6
   233 | D:1      | Learned a level 2 spell: Ensorcelled Hibernation
   381 | D:2      | Reached skill level 5 in Stealth
   431 | D:2      | Reached XP level 3. HP: 14/16 MP: 3/8
  1083 | D:2      | Found a shadowy altar of Dithmenos.
  1083 | D:2      | Found a stormy altar of Qazlal.
  1084 | D:2      | Found a shimmering altar of Xom.
  1086 | D:2      | Found a radiant altar of Vehumet.
  1087 | D:2      | Found a snail-covered altar of Cheibriados.
  1090 | D:2      | Became a worshipper of Dithmenos the Shadowed
  1365 | D:3      | Noticed Sigmund
  1369 | D:3      | Killed Sigmund
  1369 | D:3      | Reached skill level 5 in Spellcasting
  1369 | D:3      | Reached skill level 5 in Hexes
  1369 | D:3      | Reached XP level 4. HP: 21/21 MP: 8/12
  1369 | D:3      | Reached XP level 5. HP: 24/24 MP: 8/13
  1928 | D:3      | Noticed an ogre
  2011 | D:4      | Reached XP level 6. HP: 20/28 MP: 9/15
  2172 | D:3      | Reached skill level 1 in Ice Magic
  2244 | D:4      | Found a runed translucent gate.
  2244 | D:4      | Found a runed translucent gate.
  2244 | D:4      | Found a runed translucent gate.
  2271 | D:4      | Learned a level 1 spell: Magic Dart
  2361 | D:4      | Reached * piety under Dithmenos
  2376 | D:4      | Noticed Blork the orc
  2389 | D:4      | Killed Blork the orc
  2394 | D:4      | Found Fedosmocw's Assorted Antiques.
  2404 | D:4      | Bought a shimmering diamond amulet for 135 gold pieces
  2404 | D:4      | Identified the amulet "Qoafeic" {Spirit rPois rF- rN++
                  | Int+4} (You bought it in a shop on level 4 of the Dungeon)
  2557 | D:4      | Reached XP level 7. HP: 32/32 MP: 17/17
  2996 | D:4      | Noticed Singularity42's ghost (novice OpTm)
  2998 | D:4      | Noticed rumpelstilzz's ghost (novice CeFi)
  2998 | D:4      | Noticed Veteran's ghost (amateur GrFi)
  2998 | D:4      | Noticed Acheron's ghost (amateur MiGl)
  2999 | D:4      | Noticed eisn's ghost (amateur HOFi)
  3078 | D:5      | Entered Level 5 of the Dungeon
  3136 | D:5      | Noticed Prince Ribbit
  3141 | D:5      | Killed Prince Ribbit
  3384 | D:5      | Learned a level 2 spell: Slow
  3388 | D:5      | Learned a level 3 spell: Tukima's Dance
  3408 | D:5      | Noticed a two-headed ogre
  3412 | D:5      | Reached skill level 5 in Short Blades
  3686 | D:5      | Reached ** piety under Dithmenos
  3686 | D:5      | Reached XP level 8. HP: 36/36 MP: 18/18
  3854 | D:5      | Reached skill level 5 in Ice Magic
  4085 | D:5      | Killed a two-headed ogre
  4085 | D:5      | Reached skill level 8 in Stealth
  4331 | D:6      | Reached XP level 9. HP: 36/42 MP: 15/19
  4336 | D:6      | Noticed Dowan
  4432 | D:6      | Noticed Duvessa
  4471 | D:6      | Killed Dowan
  4520 | D:6      | Killed Duvessa
  4714 | D:6      | Reached skill level 9 in Stealth
  4974 | D:6      | Learned a level 3 spell: Confuse
  5249 | D:6      | Found a runed translucent gate.
  5249 | D:6      | Found a runed translucent gate.
  5249 | D:6      | Found a runed translucent gate.
  5251 | D:6      | Noticed ciphuk's ghost (novice HOFE)
  5270 | D:6      | Killed ciphuk's ghost
  5270 | D:6      | Reached skill level 10 in Stealth
  5634 | D:7      | Found Xaenwiniesh's Book Emporium.
  6169 | D:7      | Reached skill level 11 in Stealth
  6520 | D:7      | Reached skill level 12 in Stealth
  6746 | D:7      | Reached XP level 10. HP: 51/51 MP: 20/20
  7039 | D:8      | Noticed Pikel
  7052 | D:8      | Killed Pikel
  7052 | D:8      | Reached skill level 1 in Shields
  7168 | D:8      | Reached skill level 5 in Dodging
  7201 | D:8      | Found a hide-covered altar of Uskayaw.
  7257 | D:8      | Found a runed translucent gate.
  7479 | D:8      | Reached skill level 5 in Fighting
  7483 | D:8      | Got a warped tin amulet
  7556 | D:8      | Reached *** piety under Dithmenos
  7660 | D:8      | Found an opulent altar of Gozag.
  7806 | D:8      | Found a runed translucent gate.
  7806 | D:8      | Found a runed translucent gate.
  7806 | D:8      | Noticed DildoBatman's ghost (amateur FoWz)
  7946 | D:8      | Found a hazy altar of Hepliaklqana.
  8082 | D:8      | Found a staircase to the Lair.
  8179 | D:9      | Noticed Erica
  8215 | D:9      | Killed Erica
  8239 | D:9      | Identified the amulet of Reimbursement {Spirit *Drain rF+
                  | rC+ rN+ Int+3} (You found it on level 8 of the Dungeon)
  9687 | D:9      | Reached XP level 11. HP: 56/56 MP: 21/21
  9852 | D:9      | Found a staircase to the Orcish Mines.
  9947 | D:10     | Entered Level 10 of the Dungeon
 10109 | D:9      | Reached skill level 10 in Dodging
 10878 | D:10     | Noticed a two-headed ogre
 10902 | D:10     | Killed a two-headed ogre
 11336 | D:11     | Reached **** piety under Dithmenos
 11621 | D:11     | Reached skill level 5 in Shields
 12338 | Lair:1   | Entered Level 1 of the Lair of Beasts
 12475 | Lair:1   | Reached skill level 10 in Short Blades
 12918 | Lair:1   | Reached XP level 12. HP: 56/62 MP: 22/22
 13155 | Lair:2   | Found a hole to the Spider Nest.
 13180 | Lair:2   | Got a faintly glowing falchion
 13184 | Lair:2   | Identified the +8 falchion of Fundamental Breach {distort,
                  | rC- MR+++ Str+4 Int+2} (You found it on level 2 of the Lair
                  | of Beasts)
 13214 | Lair:2   | Learned a level 2 spell: Blink
 13497 | Lair:2   | Reached skill level 1 in Translocations
 13680 | Lair:2   | Found an ornate altar of the Wu Jian Council.
 13795 | Lair:2   | Found a dark tunnel.
 13808 | Volcano  | Entered a volcano
 14061 | Volcano  | Found a bloodstained altar of Trog.
 14187 | Volcano  | Noticed a stone giant
 14211 | Volcano  | Found the +0 pair of fencer's gloves {Riposte Dex+3}
 14266 | Volcano  | Found a burning altar of Makhleb.
 15285 | Lair:2   | Cast into level 3 of the Abyss (a distortion unwield)
 15286 | Abyss:3  | Found a corrupted altar of Lugonu.
 15976 | Abyss:4  | Noticed a tentacled starspawn
 16001 | Abyss:4  | Noticed a tentacled starspawn
 16026 | Abyss:4  | Killed a tentacled starspawn
 16026 | Abyss:4  | Reached skill level 13 in Stealth
 16026 | Abyss:4  | Reached skill level 5 in Translocations
 16057 | Lair:2   | Escaped the Abyss
 16305 | Lair:3   | Noticed a seven-headed hydra
 16313 | Lair:3   | Killed a seven-headed hydra
 16878 | Lair:3   | Found a staircase to the Shoals.
 16900 | Lair:3   | Reached skill level 14 in Stealth
 16902 | Lair:3   | Reached XP level 13. HP: 38/67 MP: 0/25
 17124 | Lair:3   | Identified a scroll of acquirement
 17124 | Lair:3   | Identified the Volume of Creative Beguiling (You acquired
                  | it on level 3 of the Lair of Beasts)
 17133 | Lair:3   | Learned a level 6 spell: Invisibility
 18717 | Lair:5   | Reached skill level 15 in Stealth
 18764 | Lair:6   | Entered Level 6 of the Lair of Beasts
 18952 | Lair:5   | Found a runed translucent door.
 18952 | Lair:5   | Found a viscous altar of Jiyva.
 18953 | Lair:5   | Noticed an acid blob
 18961 | Lair:5   | Found a staircase to the Slime Pits.
 18961 | Lair:5   | Noticed an acid blob
 18980 | Lair:5   | HP: 1/68 [acid (13)]
 18982 | Lair:5   | Splashed by an acid blob's acid

Skill      XL: |  1  2  3  4  5  6  7  8  9 10 11 12 13 |
---------------+----------------------------------------+-----
Hexes          | 4 5 6 7 |  7.5
Stealth        | 5 8 12 14 15 | 15.0
Spellcasting   | 3 5 6 7 |  7.9
Short Blades   | 2 3 5 6 8 10 | 10.0
Ice Magic      | 2 4 5 |  5.0
Fighting       | 2 4 5 6 7 8 |  8.1
Dodging        | 9 10 12 13 | 13.8
Shields        | 3 6 7 |  7.2
Translocations | 5 |  5.1

Action                   |  1- 3 |  4- 6 |  7- 9 | 10-12 | 13-15 || total
-------------------------+-------+-------+-------+-------+-------++-------
Melee: Dagger            |    58 |    67 |   199 |   519 |    95 ||   938
       Falchion          |       |       |       |    36 |       ||    36
 Fire: Hunting sling     |    13 |       |       |       |       ||    13
Throw: Stone             |       |       |    14 |     5 |       ||    19
       Tomahawk          |       |       |       |     9 |     7 ||    16
 Cast: Corona            |     2 |       |     2 |       |       ||     4
       Ensorcelled Hiber |    14 |    25 |   113 |   205 |    62 ||   419
       Magic Dart        |       |       |    24 |    15 |     3 ||    42
       Slow              |       |       |     7 |     6 |     1 ||    14
       Tukima's Dance    |       |       |    19 |     7 |       ||    26
       Confuse           |       |       |     8 |    40 |     7 ||    55
       Blink             |       |       |       |     2 |     1 ||     3
Invok: Shadow Step       |       |       |     1 |    16 |     2 ||    19
Evoke: Wand              |       |       |       |    11 |       ||    11
       Lamp of fire      |       |       |       |     1 |       ||     1
  Use: Scroll            |     1 |       |     9 |    22 |    10 ||    42
       Potion            |       |       |       |     2 |     5 ||     7
 Stab: Sleeping          |    23 |    20 |    55 |   169 |    51 ||   318
       Confused          |       |       |     4 |    13 |     6 ||    23
       Distracted        |       |       |       |     3 |       ||     3
  Eat: Ration            |       |       |     3 |     5 |     1 ||     9
Armor: Robe              |     2 |       |     7 |    10 |       ||    19
Dodge: Dodged            |    20 |    50 |   160 |   415 |    42 ||   687
Block: Buckler           |       |       |       |   115 |    36 ||   151
       Rpst.: Falchion   |       |       |       |    14 |       ||    14
